 Dungeon Sprint DCSS version 0.21-a0-417-g0adc95b (webtiles) character file.

168 Kidiri the Insei (level 5, -11/73 HPs)
             Began as a Draconian Transmuter on Nov 3, 2017.
             Was a Believer of Wu Jian.
             Mangled by a draconian (13 damage)
             ... in the Dungeon (Sprint V: "Ziggurat Sprint").
             The game lasted 00:03:52 (601 turns).

Kidiri the Insei (Draconian Transmuter)              Turns: 601, Time: 00:03:53

Health: -11/73     AC: -2    Str: 23    XL:     5   Next: 23%
Magic:  8/10       EV: 23    Int: 13    God:    Wu Jian [**....]
Gold:   0          SH:  0    Dex: 24    Spells: 1/11 levels left

rFire    . . .     SeeInvis .     - Unarmed
rCold    . . .     Gourm    .   (shield currently unavailable)
rNeg     . . .     Faith    .   (armour unavailable)
rPois    x         Spirit   .   (helmet currently unavailable)
rElec    .         Reflect  .   (cloak currently unavailable)
rCorr    .         Harm     .   (gloves currently unavailable)
MR       .....     NoTele   +   (boots currently unavailable)
Stlth    ..........             (no amulet)
HPRegen  0.22/turn              y - +6 ring of dexterity
MPRegen  0.12/turn              C - +6 ring of strength

@: berserking (expiring), spider-form, corroded, very quick
A: unfitting armour, AC +5
a: End Transformation, Renounce Religion


You were in the Dungeon.
You worshipped Wu Jian.
Wu Jian was pleased with you.
You were not hungry.
You were a venomous arachnid creature.
You visited 1 branch

Inventory:

Missiles
 a - 12 arrows
Armour
 I - the +18 shield of the Gong {rElec rN+ MR+ EV-5}
   (You found it in the Dungeon)

   It affects your evasion (-5).
   It insulates you from electricity.
   It protects you from negative energy.
   It affects your resistance to hostile enchantments.
 J - a +3 buckler (melded)
 K - a +3 large shield
 L - a +3 shield
Jewellery
 m - an uncursed ring of flight
 y - a +6 ring of dexterity (left front leg)
 z - a +6 ring of dexterity
 A - a +6 ring of intelligence
 B - a +6 ring of intelligence
 C - a +6 ring of strength (right front leg)
 D - a +6 ring of strength
Wands
 E - a wand of disintegration (7/24)
 F - a wand of iceblast (5/15)
 G - a wand of lightning (5/15)
 H - a wand of acid (5/15)
Scrolls
 i - 4 scrolls of blinking
 p - 4 scrolls of amnesia
 q - 3 scrolls of recharging
 r - 7 scrolls of fog
 s - a scroll of holy word
 t - 5 scrolls of identify
 u - 5 scrolls of remove curse
 v - 2 scrolls of fear
Potions
 d - 10 potions of curing
 e - 10 potions of heal wounds
 f - 6 potions of haste
 g - 7 potions of magic
 h - 2 potions of berserk rage
 j - 2 potions of brilliance
 k - 2 potions of invisibility
 l - 4 potions of resistance
 n - 5 potions of agility
 o - 5 potions of might
Books
 b - a book of Changes

   Spells                             Type                      Level
   a - Beastly Appendage              Transmutation                1
   b - Sticks to Snakes               Transmutation                2
   c - Spider Form                    Transmutation/Poison         3
   d - Ice Form                       Ice/Transmutation            4
   e - Blade Hands                    Transmutation                5
 N - a book of Clouds

   Spells                             Type                      Level
   a - Poisonous Vapours              Poison/Air                   2
   b - Mephitic Cloud                 Conjuration/Poison/Air       3
   c - Conjure Flame                  Conjuration/Fire             3
   d - Freezing Cloud                 Conjuration/Ice/Air          6
   e - Ring of Flames                 Charms/Fire                  7
Comestibles
 c - 5 bread rations
 w - 42 fruits
 x - 4 meat rations
 M - 7 chunks of flesh


   Skills:
 * Level 5.6 Fighting
 + Level 3.7 Dodging
 + Level 3.3 Stealth
 + Level 3.3 Shields
 * Level 5.9 Unarmed Combat
 + Level 3.8 Spellcasting
 * Level 5.4 Transmutations
 + Level 0.0 Ice Magic
 + Level 1.8 Poison Magic


You had one spell level left.
You knew the following spells:

 Your Spells              Type           Power        Failure   Level  Hunger
a - Beastly Appendage     Tmut           ###...       9%          1    #......
b - Sticks to Snakes      Tmut           ###.....     12%         2    ##.....
c - Spider Form           Tmut/Pois      ##........   32%         3    ###....
d - Ice Form              Ice/Tmut       #.......     77%         4    #####..


Dungeon Overview and Level Annotations

Branches:
Dungeon (1/1)

Altars:
Ashenzari
Cheibriados
Dithmenos
Elyvilon
Fedhas
Gozag
Hepliaklqana
Kikubaaqudgha
Makhleb
Nemelex Xobeh
Okawaru
Qazlal
Ru
Sif Muna
Trog
Uskayaw
Vehumet
Wu Jian
Xom
Yredelemnul
Zin
The Shining One
Beogh
Jiyva
Lugonu

Annotations:
D 1 transporter


Innate Abilities, Weirdness & Mutations

((Your plain brown scales are hard. (AC +5)))
You cannot fit into any form of body armour.
((You are cold-blooded and may be slowed by cold attacks.))


Message History

The draconian looks as sick as possible!
The draconian is heavily wounded.
You spin and attack the draconian.
You barely miss the draconian.
The draconian is heavily wounded.
Unknown command.
You attack the yellow draconian from above.
You hit the yellow draconian.
The yellow draconian is poisoned.
The yellow draconian is lightly wounded.
You attack the draconian from above.
You barely miss the draconian.
The draconian is heavily wounded.
You repeatedly attack the draconian from above.
You bite the draconian!
The draconian looks as sick as possible!
The draconian is heavily wounded.
You bite the draconian!
The draconian looks as sick as possible!
The draconian is severely wounded.
You feel a strong urge to attack something.
The draconian hits you!
You die...

▓.....▓.....▓.....▓
▓.....▓.....▓..©..▓
▓..©..▓..©..▓▓▓▓▓▓▓
▓▓▓▓▓▓▓▓▓▓▓▓▓▓
▓..8©8...▓
▓..)""...▓
▓...|....▓
▓....§§§.▓
▓....ds§.▓
▓...ddd§.▓
▓...©....▓
▓▓▓▓▓▓▓▓▓▓


You could see a yellow draconian and 3 draconians.

Vanquished Creatures
  3 orc priests (D)
  2 orc wizards (D)
  A shadow imp (D)
  A white imp (D)
  An ufetubus (D)
  An orc (D)
9 creatures vanquished.

Notes
Turn   | Place    | Note
-------+----------+-------------------------------------------
     0 | D        | Found the +6 Majin-Bo {vamp, Archmagi MP+6 Int+6}
     0 | D        | Found the +7 great mace "Firestarter" {inner flame, rF++}
     0 | D        | Kidiri the Draconian Transmuter began the quest for the Orb.
     0 | D        | Reached XP level 1. HP: 16/16 MP: 3/3
     0 | D        | Found a deep blue altar of Sif Muna.
     0 | D        | Found a bloodstained altar of Trog.
     0 | D        | Found a sacrificial altar of Ru.
     0 | D        | Found a stormy altar of Qazlal.
     0 | D        | Found an iron altar of Okawaru.
     1 | D        | Found a sparkling altar of Nemelex Xobeh.
     1 | D        | Found a blossoming altar of Fedhas.
     3 | D        | Found a transporter.
     3 | D        | Found an ancient bone altar of Kikubaaqudgha.
     3 | D        | Found a viscous altar of Jiyva.
     3 | D        | Found a corrupted altar of Lugonu.
     3 | D        | Found a hazy altar of Hepliaklqana.
     3 | D        | Found a burning altar of Makhleb.
     3 | D        | Found an opulent altar of Gozag.
    27 | D        | Became a worshipper of the Wu Jian Council
    39 | D        | Found the +9 heavy crossbow "Sniper" {velocity, Acc+∞ SInv}
    39 | D        | Found the +10 dark maul {crush}
    39 | D        | Found the +15 Maxwell's patent armour {-Cast -Tele rElec MR+ rCorr}
    39 | D        | Found the +18 shield of the Gong {rElec rN+ MR+ EV-5}
    39 | D        | Found the cursed +14 obsidian axe {chop, +Fly SInv *Curse}
    54 | D        | Reached XP level 2. HP: 26/26 MP: 3/5
    81 | D        | Learned a level 2 spell: Sticks to Snakes
    82 | D        | Entered arena 2.
    82 | D        | Found a transporter.
    95 | D        | Reached XP level 3. HP: 13/33 MP: 4/7
    98 | D        | Reached skill level 5 in Unarmed Combat
   348 | D        | Learned a level 3 spell: Spider Form
   360 | D        | Entered arena 3.
   360 | D        | Found a transporter.
   364 | D        | Reached * piety under Wu Jian
   367 | D        | Reached XP level 4. HP: 41/41 MP: 5/9
   456 | D        | Entered arena 4.
   456 | D        | Found a transporter.
   461 | D        | Reached ** piety under Wu Jian
   461 | D        | Reached skill level 5 in Fighting
   461 | D        | Reached skill level 1 in Poison Magic
   461 | D        | Reached skill level 5 in Transmutations
   461 | D        | Reached XP level 5. HP: 34/48 MP: 6/10
   490 | D        | Learned a level 4 spell: Ice Form
   589 | D        | Entered arena 5.
   589 | D        | Noticed a draconian
   589 | D        | Noticed a draconian
   589 | D        | Noticed a draconian
   589 | D        | Noticed a yellow draconian
   589 | D        | Found a transporter.
   590 | D        | Found the +9 staff of Olgreb {rPois}
   596 | D        | HP: 1/73 [draconian (9)]
   601 | D        | Mangled by a draconian

Vault maps used:
D:        sprint_v

Skill      XL: |  1  2  3  4 |
---------------+-------------+-----
Fighting       | 3 4 5 |  5.6
Dodging        | 2 3 |  3.7
Stealth        | 2 3 |  3.3
Shields        | 2 3 |  3.3
Unarmed Combat | 4 5 |  5.9
Transmutations | 3 4 5 |  5.4
Spellcasting   | 3 |  3.8
Poison Magic   | 1 |  1.8

Action                   |  1- 3 |  4- 6 || total
-------------------------+-------+-------++-------
Melee: Unarmed           |    17 |    35 ||    52
       Kick              |     3 |       ||     3
       Tailslap          |     3 |       ||     3
 Cast: Beastly Appendage |     2 |       ||     2
       Spider Form       |     1 |     2 ||     3
  Use: Potion            |     1 |     1 ||     2
 Stab: Sleeping          |     1 |       ||     1
Armor: Skin              |     3 |       ||     3
Dodge: Dodged            |    10 |    20 ||    30

Table legend:
 A = Spawn XP
 B = Non-spawn XP
 C = Spawn XP percentage of total XP
 D = Spawn monster count
 E = Non-spawn monster count
 F = Spawn count percentage of total count
 G = Total turns spent on level
                    A         B        C        D         E        F      G
               +---------+---------+-------+---------+---------+-------+---------
         Total |       0 |     228 |   0.0 |       0 |       9 |   0.0 |   601
               +---------+---------+-------+---------+---------+-------+---------
             D |       0 |     228 |   0.0 |       0 |       9 |   0.0 |   601
               +---------+---------+-------+---------+---------+-------+---------
